 Dungeon Crawl Stone Soup version 0.27.1-33-g824d729ab1 (webtiles) character file.

Game seed: 16294472313337537658

245 SensoryNuts the Skirmisher (level 5, -1/45 (46) HPs)
             Began as a Draconian Fighter on Dec 7, 2021.
             Was a Follower of Nemelex Xobeh.
             Slain by a goblin (3 damage)
             ... led by Robin
             ... on level 2 of the Dungeon.
             The game lasted 00:03:45 (2003 turns).

SensoryNuts the Skirmisher (Draconian Fighter)      Turns: 2003, Time: 00:03:45

HP:   -1/45 (46)    AC:  5    Str: 20    XL:     5   Next: 83%
MP:   5/5           EV: 10    Int:  8    God:    Nemelex Xobeh [*.....]
Gold: 75            SH:  9    Dex: 10    Spells: 4/4 levels left

rFire    . . .     SeeInvis .   d - +1 flail (drain)
rCold    . . .     Faith    .   b - +0 kite shield
rNeg     . . .     Spirit   .   (armour unavailable)
rPois    .         Reflect  .   (helmet restricted)
rElec    .         Harm     .   (no cloak)
rCorr    .         Rampage  .   (no gloves)
Will     .....                  (no boots)
Stlth    +.........             (no amulet)
HPRegen  0.15/turn              (no ring)
MPRegen  0.09/turn              (no ring)

@: mighty, flying, lightly drained
A: AC +5, unfitting armour, cold-blooded
a: Renounce Religion, Draw Escape, Draw Destruction, Draw Summoning


You were on level 2 of the Dungeon.
You worshipped Nemelex Xobeh.
Nemelex Xobeh was aware of your devotion.
You visited 1 branch of the dungeon, and saw 2 of its levels.

You collected 75 gold pieces.

Inventory:

Hand Weapons
 a - a +1 long sword
 d - a +1 flail of draining (weapon)
 f - a +0 scythe
Armour
 b - a +0 kite shield (worn)
Scrolls
 g - 2 scrolls of enchant weapon


   Skills:
 + Level 4.2 Fighting
 + Level 4.0 Long Blades
 + Level 3.6 Dodging
 + Level 0.9 Stealth
 + Level 4.0 Shields


You had 4 spell levels left.
You didn't know any spells.
Your spell library contained the following spells:

 Spells                   Type           Power      Damage    Failure   Level
 Freeze                   Ice            0%         1d3       87%         1
 Frozen Ramparts          Ice            0%         1d2       99%         3
 Hailstorm                Conj/Ice       0%         3d3       100%        4


Dungeon Overview and Level Annotations

Branches:
Dungeon (2/15)

Altars:
Nemelex Xobeh
Beogh

Annotations:
D:2 Robin


Innate Abilities, Weirdness & Mutations

Your plain brown scales are hard. (AC +5)
You cannot fit into any form of body armour.
You are cold-blooded and may be slowed by cold attacks.


Message History

The quokka closely misses you.
You completely miss the adder.
The adder is severely wounded.
The hobgoblin no longer looks unusually strong.
The goblin no longer looks unusually strong. x2
The adder bites you but does no damage. The goblin barely misses you.
The goblin hits you but does no damage. The goblin hits you with a +0 dagger.
* * * LOW HITPOINT WARNING * * *
The quokka bites you but does no damage.
Robin's horned helmet rattles.
You block Robin's attack. You block the goblin's attack.
The goblin hits you but does no damage. The adder closely misses you.
The goblin hits you with a +0 dagger.
* * * LOW HITPOINT WARNING * * *
The goblin barely misses you. The quokka misses you.
The goblin hits you with a +0 dagger.
* * * LOW HITPOINT WARNING * * *
It was a potion of flight.
You feel very buoyant.
You fly up into the air.
The goblin no longer looks unusually strong.
The adder bites you.
* * * LOW HITPOINT WARNING * * *
The goblin completely misses you. You block the goblin's attack. x2
The quokka barely misses you. The goblin hits you with a +0 club.
* * * LOW HITPOINT WARNING * * *
The goblin misses you.
Unknown command.
You are too injured to fight recklessly!
You barely miss the adder.
The adder is severely wounded.
The adder barely misses you.
Robin roars a battlecry!
The goblins go into a battle-frenzy!
You block the goblin's attack. x2
The quokka bites you but does no damage.
The goblin hits you but does no damage. You block the adder's attack.
The goblin closely misses you. The goblin hits you with a +0 dagger.
You die...
Your body glows slightly and disappears.

.....S....#........# #.###.
...#...g...........# #.##.(
#####...##...#..# #.##..
..#####...#.......###.##..
..........'............'..
.####...###.........#.##..
.........gg.##..........#..
....###..grgg##..........#..
..#.###..gS@g............###
......#.#.ggg.....###.......
............................
............................
..........................##
.........###....##........##
+#.##...+..<..........>..##
#...###....############
###'######+## #


You could see Robin, an adder, a quokka, a hobgoblin (strong) and 8 goblins.

Vanquished Creatures
  Sigmund (D:2)
  Natasha (D:2)
  3 gnolls (D:2)
  An adder (D:2)
  3 dart slugs (D:1)
  3 endoplasms
  3 giant cockroaches (D:1)
  3 goblins
  A hobgoblin (D:2)
  2 jackals (D:1)
  A quokka (D:1)
  2 ball pythons
  2 bats (D:1)
  A frilled lizard (D:1)
  4 kobolds (D:1)
  2 rats (D:1)
33 creatures vanquished.

Notes
Turn   | Place    | Note
-------+----------+-------------------------------------------
     0 | D:1      | SensoryNuts the Draconian Fighter began the quest for the
                  | Orb.
     0 | D:1      | Reached XP level 1. HP: 19/19 MP: 1/1
   594 | D:1      | Reached XP level 2. HP: 26/26 MP: 2/2
   880 | D:1      | Found a faded altar of an unknown god.
   940 | D:1      | Became a worshipper of Nemelex Xobeh the Trickster
   940 | D:1      | Reached * piety under Nemelex Xobeh
  1001 | D:1      | Reached XP level 3. HP: 33/33 MP: 3/3
  1328 | D:2      | Noticed Natasha
  1341 | D:2      | Killed Natasha
  1540 | D:2      | Noticed Sigmund
  1547 | D:2      | Killed Sigmund
  1548 | D:2      | Reached XP level 4. HP: 23/40 MP: 4/4
  1548 | D:2      | Reached XP level 5. HP: 27/46 MP: 5/5
  1979 | D:2      | Noticed Robin
  2002 | D:2      | HP: 1/45 [goblin[Robin] (3)]
  2003 | D:2      | Slain by a goblin

Illustrated notes

Levels and vault maps discovered:
D:1:      dpeg_arrival_arbitrary_c, layout_loops_ring,
          hellmonk_ecumenical_altar_defaced_shrine, minmay_tiny_reverse_x
D:2:      layout_basic, uniq_natasha, uniq_sigmund, uniq_robin

Skill      XL: |  1  2  3  4  5 |
---------------+----------------+-----
Dodging        | 3 |  3.6
Fighting       | 4 |  4.2
Long Blades    | 3 4 |  4.0
Shields        | 4 |  4.0
Stealth        | |  0.9

Action                   |  1- 3 |  4- 6 || total
-------------------------+-------+-------++-------
Melee: Long sword        |    79 |    11 ||    90
       Tailslap          |    12 |     2 ||    14
       Flail             |       |     9 ||     9
  Use: Scroll            |     2 |       ||     2
       Potion            |       |     4 ||     4
 Stab: Sleeping          |     1 |       ||     1
Armor: Skin              |    29 |    25 ||    54
Dodge: Dodged            |    34 |    43 ||    77
Block: Kite shield       |    39 |    38 ||    77
       Rpst.: Long sword |     9 |     8 ||    17
